 Dungeon Crawl Stone Soup version 0.30.0-20-g3615ddf2f0 (webtiles) character file.

Game seed: 7167003962753923403

15612 qw the Cleaver (level 12, -7/76 HPs)
             Began as a Gargoyle Fighter on May 25, 2023.
             Was a High Priest of Okawaru.
             Blown up by an orb spider (41 damage)
             ... with an orb of destruction
             ... on level 2 of the Lair of Beasts on May 27, 2023.
             The game lasted 00:10:21 (9841 turns).

qw the Cleaver (Gargoyle Fighter)                   Turns: 9841, Time: 00:10:22

Health: -7/76      AC: 26    Str: 25    XL:     12   Next: 28%
Magic:  19/19      EV:  7    Int: 15    God:    Okawaru [*****.]
Gold:   1582       SH:  5    Dex:  9    Spells: 11/11 levels left

rFire   . . .        f - +16 obsidian axe {drain, demonic, Mesm Drain Fly SInv}
rCold   . . .        c - +0 buckler
rNeg    + . .        u - +0 plate armour
rPois   inf          x - +0 helmet
rElec   +            q - +0 cloak
rCorr   .            a - +0 pair of gloves
SInv    +            (no boots)
Will    +....        (no amulet) Stlth
                     i - ring "Wyssoej" {Will+ Int+6}
HPRegen 0.32/turn    (no ring)
MPRegen 0.16/turn

%: no passive effects
@: flying, mesmerised
A: sickness immunity, AC +8, negative energy resistance 1, electricity
resistance, torment resistance 1, petrification resistance
a: Renounce Religion, Heroism, Finesse, Duel


You were on level 2 of the Lair of Beasts.
You worshipped Okawaru.
Okawaru was extremely pleased with you.
You visited 3 branches of the dungeon, and saw 13 of its levels.
You also visited: Sewer.

You collected 1770 gold pieces.
You spent 188 gold pieces at shops.


Innate Abilities, Weirdness & Mutations

You are immune to sickness and miasma.
Your stone body is resilient. (AC +8)
You are immune to poison.
You resist negative energy. (rN+)
You are resistant to electric shocks. (rElec)
You are resistant to unholy torment.
You are immune to petrification.


   Skills:
 - Level 9.0 Fighting
 - Level 12.0 Axes
 - Level 4.0 Throwing
 + Level 7.5 Armour
 - Level 2.1 Dodging
 - Level 5.5 Shields
 - Level 10.0 Invocations


You had 11 spell levels left.
You didn't know any spells.
Your spell library was empty.

Inventory:

Hand Weapons
 f - the +16 obsidian axe (weapon) {drain, demonic, Mesm Drain Fly SInv}
   (You acquired it on level 2 of the Dungeon)

   Mesm:      Its wielder is mesmerised by any visible foes, and it cannot be
   unequipped while any foes are visible.
   SInv:      It lets you see invisible.
   Fly:       It grants you flight.
   Drain:     It drains your maximum health when unequipped.
 p - the +10 flail of Interdependent Arising {vamp, Drain rElec rF+ Stlth+}
   (You found it on level 2 of the Lair of Beasts)

   rF:        It protects you from fire.
   rElec:     It insulates you from electricity.
   Drain:     It drains your maximum health when unequipped.
   Stlth:     It makes you more stealthy.
Missiles
 t - 3 boomerangs
 w - 3 javelins
 y - a silver javelin (quivered)
Armour
 a - a +0 pair of gloves (worn)
 c - a +0 buckler (worn)
 q - a +0 cloak (worn)
 u - a +0 plate armour (worn)
 x - a +0 helmet (worn)
Jewellery
 b - a ring of fire
 i - the ring "Wyssoej" (left hand) {Will+ Int+6}
   (You acquired it on level 2 of the Dungeon)

   [ring of intelligence]

   Int:       It affects your intelligence (+6).
   Will:      It increases your willpower.
 r - a ring of see invisible
Wands
 s - a wand of digging (6)
Scrolls
 l - 6 scrolls of teleportation
 n - 9 scrolls of identify
Potions
 d - 4 potions of might
 e - 2 potions of mutation
 g - 10 potions of curing
 h - a potion of cancellation
 j - 4 potions of heal wounds
 k - 5 potions of haste
 m - 2 potions of lignification
 o - 2 potions of attraction

Dungeon Overview and Level Annotations

Branches:
Dungeon (10/15)            Temple (1/1) D:5            Lair (2/5) D:10
 Spider (0/4) Lair:2        Sewer (visited)
  Swamp: Lair:2-3    Shoals: Lair:2-3       Orc: D:9-12

Altars:
Ashenzari
Cheibriados
Dithmenos
Elyvilon
Fedhas
Gozag
Hepliaklqana
Kikubaaqudgha
Makhleb
Nemelex Xobeh
Okawaru
Qazlal
Ru
Sif Muna
Trog
Uskayaw
Vehumet
Wu Jian
Xom
Yredelemnul
Zin
The Shining One

Shops:
D:1 *   D:4 !

Annotations:
D:5 2 transporters, qw's ghost, novice GrFi
Lair:2 exclusion: 3 orb spiders


Message History

Enter note:
Enter note:
Enter note:
Enter note:
Enter note:
Enter note:
Enter note:
Enter note:
Enter note:
Enter note:
Enter note:
Enter note:
Enter note: The orb spider spins a strand of pure energy.
The orb spider weaves a glowing orb of energy.
An orb of destruction comes into view.
The orb of destruction hits you!!
The orb spider begins to weave its threads into a brightly glowing ball.
The orb spider weaves a glowing orb of energy.
An orb of destruction comes into view.
The orb of destruction hits you!!
Options error: Missing colour in message_colour setting: 'then' You cannot move away from the orb spider!
You cannot move away from the orb spider!
The orb spider spins a strand of pure energy.
There is a hole to the Spider Nest here.
You slice the orb spider!! You drain the orb spider.
The orb spider is severely wounded.
You barely miss the orb spider.
The orb spider is severely wounded.
Options error: Missing colour in message_colour setting: 'then' The orb spider weaves a glowing orb of energy.
An orb of destruction comes into view.
The wavering orb of destruction hits you!
The orb spider spins a strand of pure energy.
The orb spider weaves a glowing orb of energy.
An orb of destruction comes into view.
The orb of destruction hits you!!!
Ouch! That really hurt!
You die...

. ................... .
................... ..
............P##.#
...###..##.#...#####.##
...##......#...#......#
........!..##...#
..........#.^^.b##
...#.....##^.###.#####
..##.....##.....@....#
..##....###....^.0~+##
...#P.P.##^..#...0...#
..##PP.###.##^..~~s>.#
....P...##....##.~...#
........##..##..#~~+##
#.#####.##.......^..#
### #.###..#####..#
#.###....######


You could see an orb spider (mesmerising, drained).

Vanquished Creatures
  A two-headed ogre (D:8)
  Sonja (D:10)
  A manticore (D:10)
  A centaur zombie (D:10)
  A gargoyle (D:9)
  2 cane toads (Lair:1)
  An unseen horror zombie (D:10)
  A centaur skeleton (D:10)
  A rime drake (D:10)
  2 komodo dragons
  A kobold demonologist (D:9)
  A polar bear (Lair:1)
  2 trolls (D:10)
  A meliai zombie (D:10)
  A wraith (D:7)
  A shadow (D:10)
  A centaur simulacrum (D:10)
  2 wyverns
  31 yaks
  A basilisk (Lair:1)
  6 vampire mosquitoes
  A black bear (Lair:1)
  5 water moccasins
  5 orc warriors
  An ice beast (D:10)
  2 sky beasts
  12 wolves
  3 centaurs
  2 phantoms
  A kobold brigand (D:8)
  A gnoll sergeant (D:6)
  7 bullfrogs
  3 scorpions
  A howler monkey (D:10)
  2 electric eels (Lair:1)
  A jelly (D:6)
  5 orc priests
  3 iguanas (D:5)
  10 orc wizards
  3 gnolls (D:6)
  7 adders
  2 river rats (Sewer)
  3 worms
  2 dart slugs
  27 orcs
  12 ball pythons
  5 endoplasms
  2 giant cockroaches
  7 goblins
  6 hobgoblins
  9 jackals
  4 quokkas
  5 bats
  3 frilled lizards
  8 kobolds
  4 rats
234 creatures vanquished.

Vanquished Creatures (collateral kills)
  A scorpion (D:5)
  An orc priest (D:4)
  An orc wizard (D:5)
  2 adders
  An ufetubus (D:5)
  4 orcs
  A frilled lizard (Sewer)
11 creatures vanquished.

Grand Total: 245 creatures vanquished

Notes
Turn   | Place    | Note
-------+----------+-------------------------------------------
     0 | D:1      | qw the Gargoyle Fighter began the quest for the Orb.
     0 | D:1      | Reached XP level 1. HP: 14/14 MP: 1/1
     0 | D:1      | 0 ||| qw: Version: 0.2-a-98-g5d7165a
     0 | D:1      | 0 ||| qw: Game counter: 105
     0 | D:1      | 0 ||| qw: Always use a shield: true
     0 | D:1      | 0 ||| qw: God list: Okawaru
     0 | D:1      | 0 ||| qw: Allow faded altars: false
     0 | D:1      | 0 ||| qw: Do Orc after D:15 true
     0 | D:1      | 0 ||| qw: Do second Lair branch before Depths: true
     0 | D:1      | 0 ||| qw: Lair rune preference: random
     0 | D:1      | 0 ||| qw: Plans: Normal, Zot:1-4, God:TSO, Crypt, Tomb,
                  | Pan, Slime:5, Hells, Abyss, Win
     0 | D:1      | 0 ||| PLANNING D:1-11
    60 | D:1      | Reached skill level 2 in Axes
   109 | D:1      | Reached XP level 2. HP: 9/19 MP: 2/2
   389 | D:1      | Reached skill level 3 in Axes
   429 | D:1      | Reached XP level 3. HP: 23/23 MP: 3/3
   504 | D:1      | Found Cecainut's Assorted Antiques.
   515 | D:1      | 515 ||| BUYING coppery potion (22 gold).
   515 | D:1      | Bought a coppery potion for 22 gold pieces
   515 | D:1      | 515 ||| BUYING fizzy grey potion (22 gold).
   515 | D:1      | Bought a fizzy grey potion for 22 gold pieces
   515 | D:1      | 515 ||| SHOPLISTING fizzy grey potion (22 gold, have 13).
   515 | D:1      | 515 ||| SHOPLISTING lumpy emerald potion (22 gold, have
                  | 13).
   515 | D:1      | 515 ||| SHOPLISTING runed chain mail (187 gold, have 13).
   515 | D:1      | 515 ||| SHOPLISTING scroll labelled LEUVVAYTEM (25 gold,
                  | have 13).
   515 | D:1      | 515 ||| SHOPLISTING scroll labelled TUUT SAIMOW (25 gold,
                  | have 13).
   515 | D:1      | 515 ||| SHOPLISTING scroll labelled UGAWNEXTEJ (25 gold,
                  | have 13).
   515 | D:1      | 515 ||| DROPPING +0 club.
   729 | D:1      | 729 ||| READING scroll labelled UGAWNEXTEJ.
   730 | D:1      | 730 ||| READING scroll labelled VETOIZ COZAS.
   831 | D:1      | 831 ||| READING 2 scrolls labelled KIUTEWETHRO.
   832 | D:1      | 832 ||| READING scroll labelled ILESTRE MUMEAMO.
   833 | D:1      | 833 ||| READING scroll labelled UCEXEPL GOMMA.
   834 | D:1      | 834 ||| READING scroll labelled MYTUINOFEU.
   835 | D:1      | 835 ||| READING scroll labelled YMO UVOXYZ.
   836 | D:1      | 836 ||| DRINKING 2 coppery potions.
   837 | D:1      | 837 ||| DRINKING 2 metallic cyan potions.
   838 | D:1      | 838 ||| DROPPING scroll of immolation.
  1001 | D:2      | 1001 ||| Stepping ~*~*~tactically~*~*~ (hiding).
  1003 | D:2      | 1003 ||| Stepping ~*~*~tactically~*~*~ (hiding).
  1004 | D:2      | 1004 ||| Stepping ~*~*~tactically~*~*~ (hiding).
  1390 | D:2      | Found a faded altar of an unknown god.
  1542 | D:2      | 1542 ||| READING scroll labelled LEUVVAYTEM.
  1546 | D:2      | 1546 ||| READING scroll labelled TUUT SAIMOW.
  1547 | D:2      | 1547 ||| READING 2 scrolls labelled FOEFRAIBOKH.
  1547 | D:2      | Identified 2 scrolls of acquirement
  1547 | D:2      | 1547 ||| ACQUIRING +16 obsidian axe {drain, demonic, Mesm
                  | Drain Fly SInv}
  1547 | D:2      | Acquired the +16 obsidian axe {drain, demonic, Mesm Drain
                  | Fly SInv}
  1547 | D:2      | Found the +16 obsidian axe {drain, demonic, Mesm Drain Fly
                  | SInv}
  1549 | D:2      | 1549 ||| SWAPPING to +16 obsidian axe {drain, demonic, Mesm
                  | Drain Fly SInv}.
  1550 | D:2      | 1550 ||| DROPPING +0 war axe.
  1551 | D:2      | 1551 ||| READING scroll of acquirement.
  1551 | D:2      | 1551 ||| ACQUIRING ring "Wyssoej" {Will+ Int+6}
  1551 | D:2      | Acquired the ring "Wyssoej" {Will+ Int+6}
  1553 | D:2      | 1553 ||| UPGRADING to ring "Wyssoej" {Will+ Int+6}.
  1659 | D:3      | Reached XP level 4. HP: 28/28 MP: 4/4
  1731 | D:3      | Reached skill level 4 in Axes
  2122 | D:3      | 2122 ||| DRINKING 2 grey potions.
  2146 | D:4      | 2146 ||| DROPPING +0 mace.
  2225 | D:4      | Found Ovunwemo's Distillery.
  2233 | D:4      | 2233 ||| BUYING potion of attraction (36 gold).
  2233 | D:4      | Bought a potion of attraction for 36 gold pieces
  2233 | D:4      | 2233 ||| BUYING potion of curing (36 gold).
  2233 | D:4      | Bought a potion of curing for 36 gold pieces
  2233 | D:4      | 2233 ||| BUYING potion of curing (36 gold).
  2233 | D:4      | Bought a potion of curing for 36 gold pieces
  2233 | D:4      | 2233 ||| BUYING potion of curing (36 gold).
  2233 | D:4      | Bought a potion of curing for 36 gold pieces
  2233 | D:4      | 2233 ||| SHOPLISTING potion of heal wounds (60 gold, have
                  | 2).
  2233 | D:4      | 2233 ||| SHOPLISTING potion of might (48 gold, have 2).
  2297 | D:4      | Noticed a phantom
  2303 | D:4      | Killed a phantom
  2304 | D:4      | Reached skill level 5 in Axes
  2304 | D:4      | Reached XP level 5. HP: 23/32 MP: 5/5
  2515 | D:4      | 2515 ||| Stepping ~*~*~tactically~*~*~ (hiding).
  2516 | D:4      | 2516 ||| Stepping ~*~*~tactically~*~*~ (hiding).
  2517 | D:4      | 2517 ||| Stepping ~*~*~tactically~*~*~ (hiding).
  2545 | D:4      | Reached XP level 6. HP: 38/38 MP: 6/6
  2545 | D:4      | Found a white marble altar of Elyvilon.
  2551 | D:4      | Found a shimmering altar of Xom.
  2849 | D:4      | 2849 ||| READING scroll labelled UNOOCA SIFAD.
  2850 | D:4      | 2850 ||| DRINKING 2 brown potions.
  2851 | D:4      | 2851 ||| DRINKING 3 blue potions.
  2852 | D:4      | 2852 ||| DRINKING 6 potions of curing.
  2852 | D:4      | 2852 ||| (to cure confusion)
  2853 | D:4      | 2853 ||| DROPPING potion of flight.
  2854 | D:4      | 2854 ||| DROPPING 2 potions of ambrosia.
  2867 | D:5      | Entered Level 5 of the Dungeon
  2868 | D:5      | 2868 ||| PLANNING SEWER
  2921 | D:5      | Found a staircase to the Ecumenical Temple.
  2936 | D:5      | 2936 ||| READING 2 scrolls of identify.
  2936 | D:5      | 2936 ||| IDENTIFYING fizzy golden potion
  2952 | D:5      | Found a transporter.
  2955 | D:5      | Noticed qw's ghost (novice GrFi)
  2960 | D:5      | Found a transporter.
  2975 | D:5      | Reached XP level 7. HP: 43/43 MP: 7/7
  3033 | D:5      | Reached skill level 6 in Axes
  3209 | D:5      | Found a glowing drain.
  3210 | D:5      | 3210 ||| READING 2 scrolls of identify.
  3210 | D:5      | 3210 ||| IDENTIFYING lumpy emerald potion
  3211 | D:5      | 3211 ||| DROPPING potion of degeneration.
  3215 | Sewer    | Entered a sewer
  3431 | Sewer    | 3431 ||| READING scroll of acquirement.
  3431 | Sewer    | 3431 ||| ACQUIRING 1017 gold pieces
  3431 | Sewer    | Acquired 1017 gold pieces
  3433 | Sewer    | 3433 ||| READING 3 scrolls of identify.
  3433 | Sewer    | 3433 ||| IDENTIFYING cyan potion
  3434 | Sewer    | 3434 ||| READING 2 scrolls of identify.
  3434 | Sewer    | 3434 ||| IDENTIFYING bubbling puce potion
  3435 | Sewer    | 3435 ||| DROPPING potion of invisibility.
  3472 | D:5      | 3472 ||| PLANNING TEMPLE
  3540 | Temple   | Entered the Ecumenical Temple
  3540 | Temple   | Found a transporter.
  3540 | Temple   | Found a transporter.
  3542 | Temple   | Found a transporter.
  3542 | Temple   | Found a transporter.
  3551 | Temple   | 3551 ||| PLANNING OKAWARU WORSHIP
  3558 | Temple   | Became a worshipper of Warmaster Okawaru
  3558 | Temple   | 3558 ||| PLANNING D:1-11
  3897 | D:6      | Identified the +9 spear of Lyipt {flame, *Slow rElec rPois
                  | Dex-3}
  3908 | D:6      | Found a glowing golden altar of the Shining One.
  4042 | D:6      | 4042 ||| Stepping ~*~*~tactically~*~*~ (stealth).
  4043 | D:6      | 4043 ||| Stepping ~*~*~tactically~*~*~ (stealth).
  4118 | D:6      | Reached skill level 7 in Axes
  4134 | D:6      | Reached XP level 8. HP: 48/48 MP: 8/8
  4165 | D:6      | Reached * piety under Okawaru
  4269 | D:6      | 4269 ||| INVOKING Heroism.
  4552 | D:6      | Reached skill level 1 in Throwing
  4552 | D:6      | Reached skill level 1 in Invocations
  4684 | D:6      | 4684 ||| Stepping ~*~*~tactically~*~*~ (stealth).
  4702 | D:6      | Reached skill level 3 in Invocations
  4767 | D:6      | 4767 ||| READING 4 scrolls of identify.
  4767 | D:6      | 4767 ||| IDENTIFYING sedimented coppery potion
  4768 | D:6      | 4768 ||| READING 3 scrolls of identify.
  4768 | D:6      | 4768 ||| IDENTIFYING fizzy grey potion
  4769 | D:6      | 4769 ||| DROPPING potion of brilliance.
  4812 | D:7      | Noticed a wraith
  4817 | D:7      | Killed a wraith
  4818 | D:7      | 4818 ||| STAIRDANCE
  4866 | D:7      | 4866 ||| INVOKING Heroism.
  4875 | D:7      | Reached skill level 8 in Axes
  5020 | D:7      | Identified the +6 halberd "Bede" {heavy, rElec Str-3 SInv}
  5056 | D:7      | 5056 ||| Stepping ~*~*~tactically~*~*~ (stealth).
  5057 | D:7      | 5057 ||| INVOKING Heroism.
  5061 | D:7      | Reached skill level 3 in Throwing
  5061 | D:7      | Reached XP level 9. HP: 42/54 MP: 9/12
  5069 | D:7      | Reached ** piety under Okawaru
  5070 | D:7      | Reached skill level 6 in Fighting
  5084 | D:7      | 5084 ||| INVOKING Heroism.
  5156 | D:7      | 5156 ||| DROPPING +1 whip of holy wrath.
  5402 | D:7      | 5402 ||| Stepping ~*~*~tactically~*~*~ (stealth).
  5406 | D:7      | 5406 ||| INVOKING Heroism.
  5521 | D:7      | Reached skill level 9 in Axes
  5592 | D:7      | 5592 ||| Stepping ~*~*~tactically~*~*~ (hiding).
  5599 | D:7      | 5599 ||| INVOKING Heroism.
  5601 | D:7      | 5601 ||| Stepping ~*~*~tactically~*~*~ (hiding).
  5762 | D:7      | 5762 ||| UPGRADING to +0 chain mail.
  5772 | D:7      | 5772 ||| DROPPING +0 scale mail.
  5773 | D:7      | 5773 ||| UPGRADING to +0 cloak.
  5809 | D:8      | 5809 ||| Stepping ~*~*~tactically~*~*~ (hiding).
  5810 | D:8      | 5810 ||| Stepping ~*~*~tactically~*~*~ (hiding).
  5811 | D:8      | 5811 ||| Stepping ~*~*~tactically~*~*~ (hiding).
  6043 | D:8      | 6043 ||| Stepping ~*~*~tactically~*~*~ (hiding).
  6045 | D:8      | 6045 ||| Stepping ~*~*~tactically~*~*~ (hiding).
  6048 | D:8      | 6048 ||| Stepping ~*~*~tactically~*~*~ (hiding).
  6117 | D:8      | Reached *** piety under Okawaru
  6158 | D:8      | Noticed a two-headed ogre
  6159 | D:8      | 6159 ||| INVOKING Heroism.
  6165 | D:8      | Killed a two-headed ogre
  6166 | D:8      | Reached skill level 10 in Axes
  6166 | D:8      | Reached XP level 10. HP: 63/63 MP: 10/13
  6449 | D:8      | 6449 ||| DROPPING scarf of invisibility.
  6895 | D:9      | Reached **** piety under Okawaru
  6964 | D:9      | 6964 ||| INVOKING Heroism.
  6969 | D:9      | Noticed a gargoyle
  6979 | D:9      | Killed a gargoyle
  6980 | D:9      | Reached skill level 6 in Invocations
  7171 | D:9      | Reached ***** piety under Okawaru
  7172 | D:9      | Received a gift from Okawaru
  7339 | D:9      | 7339 ||| Stepping ~*~*~tactically~*~*~ (stealth).
  7341 | D:9      | 7341 ||| INVOKING Heroism.
  7346 | D:9      | 7346 ||| Stepping ~*~*~tactically~*~*~ (hiding).
  7348 | D:9      | 7348 ||| Stepping ~*~*~tactically~*~*~ (hiding).
  7419 | D:9      | 7419 ||| INVOKING Heroism.
  7423 | D:9      | Reached XP level 11. HP: 68/68 MP: 13/16
  7433 | D:9      | 7433 ||| Stepping ~*~*~tactically~*~*~ (stealth).
  7438 | D:9      | 7438 ||| Stepping ~*~*~tactically~*~*~ (stealth).
  7659 | D:9      | 7659 ||| UPGRADING to +0 plate armour.
  7669 | D:9      | 7669 ||| DROPPING +0 chain mail.
  7670 | D:9      | 7670 ||| READING scroll labelled NUSEEMUILO.
  7671 | D:9      | 7671 ||| READING scroll labelled MUSKOI TUNU.
  7706 | D:10     | Entered Level 10 of the Dungeon
  7715 | D:10     | 7715 ||| INVOKING Heroism.
  7717 | D:10     | Found a staircase to the Lair.
  7819 | D:10     | 7819 ||| INVOKING Heroism.
  7867 | D:10     | Reached skill level 6 in Armour
  7868 | D:10     | Reached skill level 11 in Axes
  7870 | D:10     | 7870 ||| INVOKING Heroism.
  7957 | D:10     | 7957 ||| DROPPING +0 flail.
  7963 | D:10     | 7963 ||| INVOKING Heroism.
  8022 | D:10     | Noticed Sonja
  8023 | D:10     | 8023 ||| INVOKING Finesse.
  8031 | D:10     | 8031 ||| INVOKING Heroism.
  8036 | D:10     | Killed Sonja
  8036 | D:10     | Received a gift from Okawaru
  8037 | D:10     | Reached skill level 9 in Invocations
  8174 | D:10     | Noticed a manticore
  8175 | D:10     | 8175 ||| Stepping ~*~*~tactically~*~*~ (stealth).
  8178 | D:10     | 8178 ||| INVOKING Heroism.
  8184 | D:10     | Killed a manticore
  8192 | D:10     | Received a gift from Okawaru
  8318 | D:10     | 8318 ||| DROPPING +1 flail of holy wrath.
  8478 | D:10     | 8478 ||| INVOKING Heroism.
  8690 | D:10     | 8690 ||| PLANNING LAIR
  8727 | Lair:1   | Entered Level 1 of the Lair of Beasts
  8765 | Lair:1   | 8765 ||| INVOKING Heroism.
  8811 | Lair:1   | Reached skill level 9 in Fighting
  8817 | Lair:1   | Reached XP level 12. HP: 76/76 MP: 19/19
  8846 | Lair:1   | 8846 ||| INVOKING Heroism.
  8940 | Lair:1   | Received a gift from Okawaru
  9034 | Lair:1   | 9034 ||| Stepping ~*~*~tactically~*~*~ (stealth).
  9084 | Lair:1   | Reached skill level 12 in Axes
  9091 | Lair:1   | 9091 ||| Stepping ~*~*~tactically~*~*~ (stealth).
  9552 | Lair:1   | 9552 ||| UPGRADING to +0 pair of gloves.
  9557 | Lair:1   | 9557 ||| UPGRADING to +0 helmet.
  9562 | Lair:1   | 9562 ||| READING scroll labelled MEKAESM FUNIAM.
  9626 | Lair:2   | Identified the +10 flail of Interdependent Arising {vamp,
                  | Drain rElec rF+ Stlth+}
  9628 | Lair:2   | 9628 ||| DROPPING +4 flail.
  9671 | Lair:2   | Found a hole to the Spider Nest.
  9672 | Lair:2   | 9672 ||| INVOKING Finesse.
  9675 | Lair:2   | HP: 13/76 [disintegration (63)]
  9676 | Lair:2   | 9676 ||| READING 7 scrolls of teleportation.
  9677 | Lair:2   | 9677 ||| DRINKING 5 potions of heal wounds.
  9678 | Lair:2   | 9678 ||| PLANNING LAIR
  9678 | Lair:2   | 9678 ||| PLANNING LAIR
  9678 | Lair:2   | 9678 ||| PLANNING LAIR
  9678 | Lair:2   | Upgraded the game from 0.30.0-19-gbf45117a57 to
                  | 0.30.0-20-g3615ddf2f0
  9678 | Lair:2   | 9678 ||| PLANNING LAIR
  9678 | Lair:2   | 9678 ||| PLANNING LAIR
  9678 | Lair:2   | 9678 ||| PLANNING LAIR
  9678 | Lair:2   | 9678 ||| PLANNING LAIR
  9678 | Lair:2   | 9678 ||| PLANNING LAIR
  9678 | Lair:2   | 9678 ||| PLANNING LAIR
  9678 | Lair:2   | 9678 ||| PLANNING LAIR
  9841 | Lair:2   | Blown up by an orb spider

Levels and vault maps discovered:
D:1:      spicycebolla_arrival_xxxplode, layout_basic, serial_shops, shop,
          serial_rivers, chequers_serial_rivers_room_a,
          chequers_serial_rivers_small_b, chequers_serial_rivers_small_b,
          chequers_serial_rivers_small_b
D:2:      layout_loops_ring, shapermc_ecumenical_altar_mp_highgroup
D:3:      layout_loops_cross, due_unseen_surprise
D:4:      layout_basic, grunt_temple_overflow_open, serial_shops,
          nicolae_shop_tiny_waterfront
D:5:      layout_layer_cave, minmay_temple_entry_glass,
          gammafunk_ghost_mausoleum, gup_sewer_entry_spiral
D:6:      layout_loops_corners, tso_altar, serial_co_window_serial,
          co_window_corner_a, co_window_paths_a, co_window_paths_a,
          co_window_paths_a, co_window_of_opportunity_a, co_window_corner_cb,
          co_window_of_opportunity_b, co_window_corner_ca, co_window_2corner,
          glass_columns_b, glass_columns_c, glass_columns_a, glass_columns_b,
          glass_columns_b
D:7:      layout_basic
D:8:      layout_basic
D:9:      layout_cave_pods
D:10:     layout_irregular_city, hellmonk_lair_entry_icy,
          hangedman_weighted_door, minmay_diced_spiral, uniq_sonja
Temple:   hellmonk_temple_divided_pantheon
Lair:1:   layout_regular_city, nicolae_quartered_pool_little,
          serial_bayou_lagoon_b
Lair:2:   gammafunk_cloud_chamber, layout_regular_city,
          nicolae_spider_entry_orb_guardian, infiniplex_staircase_pool_2,
          lemuel_fruit_fields, lemuel_fruit_fields

Skill      XL: |  1  2  3  4  5  6  7  8  9 10 11 12 |
---------------+-------------------------------------+-----
Axes           | 2 3 5 7 8 10 11 12 | 12.0
Fighting       | 4 5 7 8 9 |  9.0
Dodging        | 2 |  2.1
Throwing       | 3 4 |  4.0
Invocations    | 4 7 10 | 10.0
Shields        | 4 5 |  5.5
Armour         | 4 5 7 |  7.5

Action                     |  1- 3 |  4- 6 |  7- 9 | 10-12 || total
---------------------------+-------+-------+-------+-------++-------
  Melee: War axe           |    74 |       |       |       ||    74
         Broad axe         |     8 |    38 |   115 |   182 ||   343
  Throw: Boomerang         |       |     8 |    50 |     6 ||    64
         Javelin           |       |       |    21 |    64 ||    85
 Invoke: Heroism           |       |       |     7 |    12 ||    19
         Finesse           |       |       |       |     2 ||     2
    Use: Scroll            |    11 |     2 |     6 |     4 ||    23
         Potion            |     2 |     4 |       |     1 ||     7
   Stab: Distracted        |       |       |       |     1 ||     1
 Armour: Scale mail        |    47 |    15 |    25 |       ||    87
         Chain mail        |       |       |     9 |    24 ||    33
         Plate armour      |       |       |       |    89 ||    89
  Dodge: Dodged            |    40 |    17 |    41 |    55 ||   153
  Block: Buckler           |     8 |     5 |    14 |    35 ||    62

Table legend:
 A = Non-vault XP
 B = Vault XP
 C = Vault XP percentage of total XP
 D = Non-vault monster count
 E = Vault monster count
 F = Vault count percentage of total count
                 A         B        C        D         E       F
            +---------+---------+-------+---------+---------+-------
      Total |   18549 |    3754 |  16.8 |     215 |      30 |  12.2
            +---------+---------+-------+---------+---------+-------
        D:1 |      37 |       0 |   0.0 |      20 |       0 |   0.0
        D:2 |      31 |       0 |   0.0 |      15 |       0 |   0.0
        D:3 |      42 |       0 |   0.0 |      16 |       0 |   0.0
        D:4 |     210 |       0 |   0.0 |      13 |       0 |   0.0
        D:5 |     422 |      14 |   3.2 |      17 |       6 |  26.1
        D:6 |    1011 |       0 |   0.0 |      14 |       0 |   0.0
        D:7 |    1784 |       0 |   0.0 |      24 |       0 |   0.0
        D:8 |    1605 |       0 |   0.0 |      14 |       0 |   0.0
        D:9 |    4754 |       0 |   0.0 |      35 |       0 |   0.0
       D:10 |    3247 |    3676 |  53.1 |      16 |      11 |  40.7
     Lair:1 |    5406 |       0 |   0.0 |      31 |       0 |   0.0
      Sewer |       0 |      64 | 100.0 |       0 |      13 | 100.0
            +---------+---------+-------+---------+---------+-------
